 Dungeon Crawl Stone Soup version 0.28.0-47-ge53b351184 (webtiles) character file.

Game seed: 11935952880020136617

26 CryoSword the Slasher (level 2, -1/24 HPs)
             Began as a Demonspawn Monk on May 6, 2022.
             Slain by an adder (2 damage)
             ... on level 2 of the Dungeon.
             The game lasted 00:02:12 (1436 turns).

CryoSword the Slasher (Demonspawn Monk)             Turns: 1436, Time: 00:02:12

Health: -1/24      AC:  2    Str: 11    XL:     2   Next: 89%
Magic:  2/2        EV: 12    Int: 11    God:
Gold:   48         SH:  0    Dex: 15    Spells: 1/1 levels left

rFire   . . .      SeeInvis .   a - +0 falchion
rCold   . . .      Faith    .   (no shield)
rNeg    . . .      Spirit   .   b - +0 robe
rPois   .          Reflect  .   (no helmet)
rElec   .          Harm     .   (no cloak)
rCorr   .          Rampage  .   (no gloves)
Will    .....                   (no boots)
Stlth   ++........              (no amulet)
HPRegen 0.08/turn               (no ring)
MPRegen 0.08/turn               (no ring)

@: lethally poisoned (-1 -> -8)
A: demonic magic 1
a: no special abilities


You were on level 2 of the Dungeon.
You visited 1 branch of the dungeon, and saw 2 of its levels.

You collected 48 gold pieces.

Inventory:

Hand Weapons
 a - a +0 falchion (weapon)
Missiles
 c - 2 poisoned darts (quivered)
Armour
 b - a +0 robe (worn)
Scrolls
 d - 2 scrolls of immolation {unknown}
 e - a scroll of magic mapping {unknown}
 f - a scroll of silence {unknown}
 g - a scroll of enchant weapon {unknown}
 h - a scroll of identify {unknown}


   Skills:
 - Level 3.0 Fighting
 + Level 3.8 Long Blades
 - Level 2.6 Dodging
 - Level 1.7 Stealth


You had one spell level left.
You didn't know any spells.
Your spell library was empty.

Dungeon Overview and Level Annotations

Branches:
Dungeon (2/15)

Altars:


Innate Abilities, Weirdness & Mutations

Spells you cast may paralyse adjacent enemies.


Message History

You hit the endoplasm but do no damage. The endoplasm barely misses you.
You hit the endoplasm.
The endoplasm jiggles.
The endoplasm freezes you.
You are frozen.
You hit the endoplasm.
You kill the endoplasm!
You start resting.
A bat comes into view.
A bat is nearby!
A bat is nearby!
The bat barely misses you.
You miss the bat. The bat barely misses you.
You hit the bat.
You kill the bat!
No target in view!
No target in view!
f - a scroll labelled RYLAHO FOGHIUD A hobgoblin comes into view.
A hobgoblin is nearby!
A hobgoblin is nearby!
The hobgoblin shouts!
You hear a shout!
You hit the hobgoblin.
The hobgoblin hits you but does no damage.
You hit the hobgoblin but do no damage.
The hobgoblin hits you but does no damage.
You hit the hobgoblin but do no damage.
The hobgoblin hits you but does no damage.
A kobold comes into view. It is wielding a +0 short sword.
The hobgoblin barely misses you.
You hit the hobgoblin.
You kill the hobgoblin!
The kobold hits you with a +0 short sword.
You closely miss the kobold.
The kobold hits you with a +0 short sword.
You closely miss the kobold.
The kobold hits you with a +0 short sword. x2
You are too injured to fight recklessly!
You are too injured to fight recklessly!
You are too injured to fight recklessly!
You barely miss the kobold. The kobold closely misses you.
You hit the kobold.
You kill the kobold!
You see here a +0 short sword.
Key pressed, stopping explore.
There is a stone staircase leading down here.
Could not explore, unopened door.
You open the door.
There is an open door here.
Could not explore, unopened door.
Could not explore, unopened door.
You open the door.
There is an open door here.
Could not explore, unopened door.
You open the door.
There is an open door here.
Found an escape hatch in the floor.
There is an open door here.
An endoplasm and a rat come into view.
There are monsters nearby!
There are monsters nearby!
Found a stone staircase leading down.
The rat misses you.
You closely miss the rat. The rat barely misses you. The rat bites you.
You hit the rat. The rat closely misses you.
You closely miss the rat. The rat closely misses you.
You hit the rat.
You kill the rat!
The helpless endoplasm fails to defend itself.
You slash the endoplasm!
You kill the endoplasm!
No target in view!
No target in view!
g - a scroll labelled LIPHOA ICEO You see here a rat corpse.
You now have 29 gold pieces (gained 15).
A rat comes into view.
A rat is nearby!
A rat is nearby!
You hit the rat but do no damage. The rat bites you but does no damage.
You barely miss the rat. The rat bites you.
You closely miss the rat. The rat misses you.
You barely miss the rat. The rat barely misses you.
You hit the rat but do no damage. The rat bites you.
You hit the rat.
You kill the rat!
No target in view!
Could not explore, unopened door.
Could not explore, unopened door.
You open the door.
There is an open door here.
There is an open door here.
Partly explored, can't reach some places.
Partly explored, can't reach some places.
Partly explored, can't reach some places.
There is a stone staircase leading down here.
You climb downwards.
Found 14 gold pieces.
There is a stone staircase leading up here.
A rat is nearby!
A rat is nearby!
A rat is nearby!
Found a scroll labelled WALADA CACIFAJ.
An endoplasm comes into view.
Found 9 gold pieces.
Found a stone staircase leading down.
The helpless rat fails to defend itself.
You hit the rat.
You kill the rat!
The helpless endoplasm fails to defend itself.
You hit the endoplasm. The endoplasm freezes you.
You are frozen.
You hit the endoplasm.
You kill the endoplasm!
No target in view!
No target in view!
h - a scroll labelled WALADA CACIFAJ
Found a stone staircase leading down.
You now have 38 gold pieces (gained 9).
Found a hunting sling.
You now have 48 gold pieces (gained 10).
d - 2 scrolls labelled BEFUSS PASMOAST (gained 1)
Found a stone staircase leading up.
A worm comes into view.
Found 11 stones and a scroll labelled TUSIQA GAUBLAU.
A worm is nearby!
A worm is nearby!
An adder comes into view.
You hit the worm. The worm bites you!
You are too injured to fight recklessly!
You are too injured to fight recklessly!
The adder closely misses you.
You miss the adder. The adder bites you.
You are poisoned.
The adder poisons you!
You barely miss the adder.
You feel sick. The adder closely misses you.
The adder bites you but does no damage.
You hit the adder.
You feel sick. The adder bites you.
* * * LOW HITPOINT WARNING * * *
You aren't carrying any potions.
You feel sick.
You feel sick. The adder completely misses you.
You feel sick.
You miss the adder.
You feel sick.
You are no longer poisoned.
The adder bites you.
* * * LOW HITPOINT WARNING * * *
You are lethally poisoned!
The adder poisons you! The adder bites you.
You die...

..<......####
≈#..........#
............###
≈#............#.
##.#.##........
...#..w#######.
..####....# .......S..#
#######@.## ####.## ####
.####....# ##...#
......##.####....#
.#...............#
..................# # .
..#..............>#≈#.. .
#............#.....≈...
..#.#................≈.).


You could see a worm and an adder.

Vanquished Creatures
  A bat (D:1)
  5 endoplasms
  A giant cockroach (D:1)
  2 goblins (D:1)
  2 hobgoblins (D:1)
  A quokka (D:1)
  3 ball pythons (D:1)
  2 frilled lizards (D:1)
  3 kobolds (D:1)
  5 rats
25 creatures vanquished.

Vanquished Creatures (others)
  A plant (D:1)
1 creature vanquished.

Grand Total: 26 creatures vanquished

Notes
Turn   | Place    | Note
-------+----------+-------------------------------------------
     0 | D:1      | CryoSword the Demonspawn Monk began the quest for the Orb.
     0 | D:1      | Reached XP level 1. HP: 18/18 MP: 1/1
   332 | D:1      | Found a faded altar of an unknown god.
   362 | D:1      | Gained mutation: Spells you cast may paralyse adjacent
                  | enemies. [demonic ancestry]
   362 | D:1      | Reached XP level 2. HP: 13/24 MP: 2/2
  1436 | D:2      | HP: 1/24 [adder (4)]
  1436 | D:2      | Slain by an adder

Illustrated notes

Levels and vault maps discovered:
D:1:      sevenhm_arrival_forest_fort_large_3, layout_basic,
          shapermc_ecumenical_altar_gd
D:2:      layout_rooms, serial_shops, nicolae_shop_trees, serial_rivers,
          chequers_serial_rivers_large_a, chequers_serial_rivers_small_a,
          chequers_serial_rivers_micro_a, chequers_serial_rivers_micro_c,
          chequers_serial_rivers_micro_d, chequers_serial_rivers_micro_a,
          minmay_domino_4

Skill      XL: |  1 |
---------------+----+-----
Long Blades    | 3 |  3.8
Fighting       | |  3.0
Dodging        | |  2.6
Stealth        | |  1.7

Action                   || total
-------------------------++-------
Melee: Falchion          ||    85
 Stab: Sleeping          ||     5
Armor: Robe              ||    14
Dodge: Dodged            ||    34
